 Dungeon Crawl Stone Soup version 0.16.0-17-g811c1d7 (console) character file.

669 siepu the Slasher (level 7, -10/41 HPs)
             Began as a Tengu Abyssal Knight on Mar 21, 2015.
             Was a High Priest of Lugonu.
             Mangled by an ogre
             ... wielding a +0 giant spiked club
              (31 damage)
             ... on level 4 of the Dungeon.
             The game lasted 00:13:50 (5680 turns).

siepu the Slasher (Tengu Abyssal Knight)            Turns: 5680, Time: 00:13:51

Health: -10/41     AC:  4    Str: 13    XL:     7   Next: 58%
Magic:  16/16      EV: 11    Int: 15    God:    Lugonu [*****.]
Gold:   224        SH:  0    Dex: 12    Spells: 0 memorised, 6 levels left

rFire  . . .     SeeInvis .     b - +1 dagger (venom)
rCold  . . .     Clarity  +     A - +0 leather armour
rNeg   . . .     SustAb   .     (no shield)
rPois  .         Gourm    .     (helmet restricted)
rElec  .         Spirit   .     (no cloak)
rCorr  .         Warding  .     q - +0 pair of gloves {aux}
rMut   .         Stasis   .     (boots unavailable)
MR     .....                    C - amulet of clarity
Stlth  +.........               K - -3 ring of dexterity (curse)
                                s - +3 ring of intelligence

@: not resistant to hostile enchantments, very unstealthy
A: able to fly, beak, talons 3
a: Fly, Depart the Abyss, Bend Space, Banish, Corrupt, Enter the Abyss, Renounce
Religion


You were on level 4 of the Dungeon.
You worshipped Lugonu.
Lugonu was extremely pleased with you.
You were not hungry.

You visited 1 branch of the dungeon, and saw 5 of its levels.
You visited the Abyss 1 time.
You also visited: Sewer.

You collected 224 gold pieces.


Innate Abilities, Weirdness & Mutations

You can fly.
You have a beak for a mouth.
You have claws for feet.


   Skills:
 - Level 3.0 Fighting
 - Level 6.0 Long Blades
 - Level 2.1 Armour
 - Level 1.1 Dodging
 + Level 5.8 Invocations


You had 6 spell levels left.
You didn't know any spells.

Inventory:

Hand weapons
 a - a +1 falchion
 b - a +1 dagger of venom (weapon)
   (You took it off an orc on level 5 of the Dungeon)
 v - a +1 blowgun
Missiles
 d - 167 stones (quivered)
 p - 59 poisoned needles
 F - a throwing net {=f}
Armour
 o - a +0 scale mail
 q - a +0 pair of gloves (worn) {aux}
 w - a +0 pair of gloves {aux}
 A - a +0 leather armour (worn)
 I - a +0 leather armour
Jewellery
 s - a +3 ring of intelligence (left hand)
   (You found it on level 5 of the Dungeon)
 C - an amulet of clarity (around neck)
   (You found it on level 3 of the Dungeon)
 K - a cursed -3 ring of dexterity (right hand)
   (You found it on level 4 of the Dungeon)
Magical devices
 D - a wand of slowing (36) {!v}
Scrolls
 e - a scroll of fog {!r}
 g - 5 scrolls of identify {!r}
 j - 4 scrolls of recharging {!r}
 k - 4 scrolls of teleportation {!r}
 r - a scroll of enchant weapon {!r}
 y - a scroll of magic mapping {!r, unknown}
 B - a scroll of amnesia {!r, unknown}
 E - a scroll of enchant armour {!r, unknown}
Potions
 h - 9 potions of curing {!q, unknown}
 i - 2 potions of haste {!q, unknown}
 m - a potion of degeneration {!q, unknown}
 n - 2 potions of poison {!q, unknown}
 x - 4 potions of heal wounds {!q, unknown}
 z - 2 potions of might {!q, unknown}
 H - a potion of flight {!q, unknown}
Books
 l - a book of Power

   Spells                             Type                      Level
   a - Fulminant Prism                Conjuration/Hexes            4
   b - Iskenderun's Mystic Blast      Conjuration                  4
   c - Venom Bolt                     Conjuration/Poison           5
   d - Bolt of Magma                  Conjuration/Fire/Earth       5
   e - Iron Shot                      Conjuration/Earth            6
   f - Orb of Destruction             Conjuration                  7
   g - Spellforged Servitor           Conjuration/Summoning        7
Comestibles
 c - 6 bread rations {!e}
 f - 2 beef jerkies {!e}
 J - a meat ration {!e}


Message History

You now have 206 gold pieces (gained 14).
HP restored.
Found a staircase to the Ecumenical Temple.
You now have 224 gold pieces (gained 18).
An adder skeleton comes into view.
A worm comes into view.
You closely miss the adder skeleton. The adder skeleton closely misses you.
You hit the adder skeleton. You claw the adder skeleton.
The adder skeleton bites you.
You hit the adder skeleton!
You destroy the adder skeleton!
Lugonu accepts your kill.
A worker ant comes into view.
The worker ant moves out of view.
You hit the worm but do no damage.
The worm is poisoned.
You claw the worm.
The worm is lightly wounded.
You hit the worm but do no damage.
The worm is lightly wounded.
The worm misses you.
You hit the worm but do no damage.
The worm looks even sicker.
You claw the worm, but do no damage.
The worm is lightly wounded.
The worker ant bites you. The worker ant barely misses you.
You hit the worker ant.
The worker ant is poisoned.
The worker ant is heavily wounded.
You hit the worker ant but do no damage.
You claw the worker ant, but do no damage.
The worker ant is heavily wounded.
The worker ant bites you but does no damage.
You hit the worker ant.
You kill the worker ant!
Lugonu accepts your kill. The worm bites you.
You see here a worker ant corpse.
You hit the worm.
The worm looks even sicker.
You claw the worm, but do no damage.
The worm is heavily wounded.
You hit the worm but do no damage. You claw the worm, but do no damage.
You peck the worm.
The worm is heavily wounded.
The worm misses you.
You hit the worm.
The worm is severely wounded.
You hit the worm.
The worm is almost dead.
The worm barely misses you.
You hit the worm but do no damage. You claw the worm, but do no damage.
You peck the worm.
You kill the worm!
Lugonu accepts your kill.
You see here a worm corpse.
You butcher the worm corpse.
t - a chunk of flesh {!e} You see here a worker ant corpse.
You offer a prayer to Lugonu.
The worker ant corpse is consumed by the void.
Lugonu is extremely pleased with you.
Eat a chunk of flesh {!e}? (ye/n/q/i?) This raw flesh tastes terrible.
You continue eating. x2
You start resting.
HP restored.
An ogre comes into view. It is wielding a giant spiked club.
The ogre shouts!
Throwing (i - inventory. (,) - cycle):
d - 172 stones (quivered)
Press: ? - help, Shift-Dir - straight line, f - ogre
Aim: an ogre, wielding a giant spiked club You throw a stone.
The stone hits the ogre but does no damage.
A rat comes into view.
Throwing (i - inventory. (,) - cycle):
d - 171 stones (quivered)
Press: ? - help, Shift-Dir - straight line, f/p - ogre
Aim: an ogre, wielding a giant spiked club You throw a stone.
The stone hits the ogre but does no damage.
Throwing (i - inventory. (,) - cycle):
d - 170 stones (quivered)
Press: ? - help, Shift-Dir - straight line, f/p - ogre
Aim: an ogre, wielding a giant spiked club You throw a stone.
The stone hits the ogre but does no damage.
Throwing (i - inventory. (,) - cycle):
d - 169 stones (quivered)
Press: ? - help, Shift-Dir - straight line, f/p - ogre
Aim: an ogre, wielding a giant spiked club You throw a stone.
The stone barely misses the ogre.
The stone hits the rat but does no damage.
Throwing (i - inventory. (,) - cycle):
d - 168 stones (quivered)
Press: ? - help, Shift-Dir - straight line, f/p - ogre
Aim: an ogre, wielding a giant spiked club You throw a stone.
The stone barely misses the ogre.
You hit the ogre!
The ogre is poisoned.
The ogre is moderately wounded.
The ogre hits you with a giant spiked club!!
You barely miss the ogre.
The ogre is moderately wounded.
You hit the ogre.
The ogre is heavily wounded.
The ogre hits you with a giant spiked club!!
Ouch! That really hurt!
You die...

...#..#..#..#.## .
...........(..# .#
..#..#..#..#.# .#
#..#..#..#.# .#
#..#..#..#.# .#
#..........# .#
##.#..#..### .#
#####.#..#..#####.###
.#.##.#.........@O.(#
.................r..#
...#####.##.........(.(.
##.# #.###############
.#.# #.# .#.# #.# ...#
#.# ##.## #.# ...... #.#


You could see an ogre and a rat.

Vanquished Creatures
  A big kobold (Sewer)
  A scorpion (D:5)
  An orc wizard (D:5)
  An orc priest (D:5)
  2 worker ants (D:4)
  Ijyb (D:2)
  5 adders
  9 gnolls
  7 river rats (Sewer)
  4 giant mites
  6 worms
  2 adder skeletons
  4 giant geckos
  An ooze (D:3)
  6 orcs
  3 giant cockroaches
  17 goblins
  12 hobgoblins
  8 jackals
  27 kobolds
  10 ball pythons
  6 bats
  A giant gecko skeleton (D:5)
  4 giant newts (D:2)
  2 gnoll zombies (D:3)
  27 rats
168 creatures vanquished.

Vanquished Creatures (others)
  An orc priest (D:4)
  An orc wizard (D:4)
2 creatures vanquished.

Grand Total: 170 creatures vanquished

Notes
Turn   | Place    | Note
--------------------------------------------------------------
     0 | Abyss:1  | siepu, the Tengu Abyssal Knight, began the quest for the Orb.
     0 | Abyss:1  | Reached XP level 1. HP: 14/14 MP: 1/1
    61 | Abyss:1  | Noticed a starcursed mass
    61 | D:1      | Escaped the Abyss
   145 | D:1      | Acquired Lugonu's first power
   190 | D:1      | Reached XP level 2. HP: 9/19 MP: 3/3
   194 | D:1      | Reached skill level 3 in Long Blades
   748 | D:1      | Reached XP level 3. HP: 23/23 MP: 4/4
   753 | D:1      | Reached skill level 4 in Long Blades
   956 | D:2      | Acquired Lugonu's second power
  1204 | D:2      | Reached XP level 4. HP: 25/28 MP: 5/5
  1418 | D:2      | Reached skill level 5 in Long Blades
  1474 | D:2      | Reached XP level 5. HP: 14/32 MP: 8/8
  1773 | D:2      | Acquired Lugonu's third power
  1779 | D:2      | Noticed Ijyb
  1788 | D:2      | HP: 6/32 [Ijyb/wand of frost (4)]
  1790 | D:2      | Killed Ijyb
  2420 | D:3      | Found an iron altar of Okawaru.
  2430 | D:3      | Reached skill level 6 in Long Blades
  2443 | D:3      | Found a glowing drain.
  2483 | Sewer    | Entered a sewer
  2677 | Sewer    | Reached skill level 3 in Invocations
  2677 | Sewer    | Reached XP level 6. HP: 28/37 MP: 9/12
  2720 | Sewer    | Acquired Lugonu's fourth power
  3109 | Sewer    | Acquired Lugonu's fifth power
  3581 | D:3      | Found an ancient bone altar of Kikubaaqudgha.
  3581 | D:3      | Found a glowing golden altar of the Shining One.
  3695 | D:3      | Found a snail-covered altar of Cheibriados.
  3912 | D:3      | Found a basalt altar of Yredelemnul.
  4015 | D:4      | Found a stormy altar of Qazlal.
  4118 | D:4      | Noticed Blork the orc
  4127 | D:4      | Reached XP level 7. HP: 21/41 MP: 14/14
  4163 | D:4      | Noticed Eustachio
  4167 | D:4      | HP: 8/41 [giant gecko skeleton (1)]
  4170 | D:4      | You fall through a shaft!
  4170 | D:5      | Entered Level 5 of the Dungeon
  4523 | D:5      | HP: 3/41 [gnoll/halberd (14)]
  5527 | D:4      | Found a staircase to the Ecumenical Temple.
  5680 | D:4      | Mangled by an ogre

Vault maps used:
D:1:      dpeg_arrival_lava_temple_mockup
D:2:      first_bread, minmay_goblin_kobold_house, uniq_iyjb
D:3:      lemuel_zombie_altar_yredelemnul, okawaru_gym_becter,
          amethyst_overflow_temple_binary, cheibriados_altar_wand_db,
          portal_sewer_entry_a
D:4:      grunt_qazlal_sundering, vehumet_crystals, minmay_temple_entry_mist,
          minmay_gold_behind_fungi, uniq_blork_the_orc, uniq_eustachio
D:5:      solitary_fountain
Sewer:    sewer_minmay_treatment

Action                   |  1- 3 |  4- 6 |  7- 9 || total
-------------------------+-------+-------+-------++-------
Melee: Falchion          |    78 |   241 |    27 ||   346
       Dagger            |       |       |    51 ||    51
Throw: Stone             |       |       |     5 ||     5
Invok: Depart the Abyss  |     1 |       |       ||     1
       Banish            |       |       |     3 ||     3
 Abil: Fly               |       |     2 |       ||     2
  Use: Scroll            |       |       |     6 ||     6
  Eat: Chunk             |     1 |     7 |     2 ||    10
       Fruit             |       |     2 |       ||     2
       Meat ration       |       |       |     1 ||     1
